 Dungeon Crawl Stone Soup version 0.25.0-9-g26727b657a (webtiles) character file.

Game seed: 17793118212805959573

45 protoss039 the Digger (level 3, -3/19 HPs)
             Began as a Deep Elf Earth Elementalist on June 20, 2020.
             Shot with an arrow by a centaur (7 damage)
             ... on level 2 of the Dungeon.
             The game lasted 00:05:27 (1490 turns).

protoss039 the Digger (Deep Elf Earth Elementalist) Turns: 1490, Time: 00:05:28

Health: -3/19      AC:  5    Str:  5    XL:     3   Next: 42%
Magic:  10/10      EV: 13    Int: 20    God:
Gold:   80         SH:  0    Dex: 15    Spells: 3/9 levels left

rFire    . . .     SeeInvis .   i - +0 short sword (venom)
rCold    . . .     Gourm    .   (no shield)
rNeg     . . .     Faith    .   c - +0 robe
rPois    .         Spirit   .   g - +2 helmet
rElec    .         Reflect  .   (no cloak)
rCorr    .         Harm     .   (no gloves)
MR       .....                  (no boots)
Stlth    ++........             (no amulet)
HPRegen  0.06/turn              (no ring)
MPRegen  0.12/turn              (no ring)

@: no status effects
A: no striking features
a: no special abilities


You were on level 2 of the Dungeon.
You were not hungry.

You visited 1 branch of the dungeon, and saw 2 of its levels.

You collected 80 gold pieces.

Inventory:

Hand Weapons
 i - a +0 short sword of venom (weapon)
Missiles
 b - 40 stones (quivered)
Armour
 c - a +0 robe (worn)
 g - a +2 helmet (worn)
Scrolls
 e - 2 scrolls of teleportation {unknown}
 f - 2 scrolls of amnesia {unknown}
 k - 2 scrolls of fog {unknown}
 l - 2 scrolls of identify {unknown}
 m - a scroll of remove curse {unknown}
Potions
 a - 2 potions of heal wounds {unknown}
 j - 2 potions of lignification {unknown}
 n - a potion of curing {unknown}
Comestibles
 d - 4 rations
 h - 5 chunks of flesh


   Skills:
 + Level 0.7 Short Blades
 - Level 2.4 Dodging
 + Level 2.7 Stealth
 + Level 3.6 Spellcasting
 + Level 1.1 Transmutations
 * Level 4.3 Earth Magic


You had 3 spell levels left.
You knew the following spells:

 Your Spells              Type           Power        Failure   Level  Hunger
a - Sandblast             Erth           ###...       2%          1    None
b - Passwall              Tmut/Erth      ##......     7%          2    ##.....
c - Stone Arrow           Conj/Erth      ##....       17%         3    ###....

Your spell library contained the following spells:

 Spells                   Type           Power        Failure   Level  Hunger
 Petrify                  Tmut/Erth      ##......     41%         4    ####...
 Lee's Rapid Deconstruct  Erth           ###.......   52%         5    ######.


Dungeon Overview and Level Annotations

Branches:
Dungeon (2/15)

Altars:


Message History

The bat closely misses you. The bat barely misses you.
The bat hits you but does no damage. The bat closely misses you. x2
You hit the bat.
The bat is poisoned.
The bat is heavily wounded.
The bat misses you. The bat hits you but does no damage.
The bat closely misses you.
You kill the bat!
You see here an arrow.
You see here an arrow.
The centaur shouts!
The centaur shoots an arrow.
The arrow hits you!
Ouch! That really hurt!
* * * LOW HITPOINT WARNING * * *
You hear a shout!
You see here an arrow.
Okay, then.
The centaur shoots an arrow.
The arrow hits you!
You die...

####...>..######.....
#......# #.....
#......# ####.#
##...(## #.. #.....#
##. #.....# #.
#.....# #.
#.###(....# ##
#...@.....# #
#####.....# #
......... ..........
.....#......
......#..c...
.....#..... (.# ..


You could see a centaur.

Vanquished Creatures
  An ooze (D:2)
  A dart slug (D:1)
  A leopard gecko (D:1)
  5 bats
  2 giant cockroaches
  7 goblins
  6 jackals
  A kobold (D:1)
  3 frilled lizards (D:1)
  8 rats
35 creatures vanquished.

Notes
Turn   | Place    | Note
-------+----------+-------------------------------------------
     0 | D:1      | protoss039 the Deep Elf Earth Elementalist began the quest
                  | for the Orb.
     0 | D:1      | Reached XP level 1. HP: 10/10 MP: 6/6
   416 | D:1      | Reached XP level 2. HP: 15/15 MP: 6/8
   672 | D:1      | Reached skill level 4 in Earth Magic
  1139 | D:2      | Reached XP level 3. HP: 19/19 MP: 10/10
  1143 | D:2      | Learned a level 2 spell: Passwall
  1147 | D:2      | Learned a level 3 spell: Stone Arrow
  1446 | D:2      | Noticed a centaur
  1490 | D:2      | Shot with an arrow by a centaur

Illustrated notes

Levels and vault maps discovered:
D:1:      ncdulo_watergridlock, layout_basic
D:2:      layout_basic, lemuel_coloured_pillars_altar, first_ration

Skill      XL: |  1  2 |
---------------+-------+-----
Earth Magic    | 4 |  4.3
Short Blades   | |  0.7
Dodging        | |  2.4
Stealth        | |  2.7
Spellcasting   | |  3.6
Transmutations | |  1.1

Action                   || total
-------------------------++-------
Melee: Unarmed           ||     8
       Short sword       ||    49
 Cast: Sandblast         ||    18
       Passwall          ||     1
 Stab: Sleeping          ||     8
  Eat: Chunk             ||     2
Armor: Robe              ||    33
Dodge: Dodged            ||    55
